[Event "Titled Tuesday Blitz July 13 2021"]
[White "Derraugh, Geordie"]
[Black "Weetik, Vjacheslav"]
[WhiteFideId "2603950"]
[BlackFideId "4153472"]
[WhiteElo "2132"]
[BlackElo "2469"]
[Result "0-1"]
[Round "05"]
[TimeControl "180+1"]
[Date "2021.07.13"]
[WhiteClock "0:00:08"]
[BlackClock "0:00:02"]

1. e4 c6 2. c4 e5 3. Nf3 d6 4. d4 Nd7 5. Nc3 Ngf6 6. Be2 Be7 7. O-O O-O 8. Re1 a6 9. h3 b5 10. cxb5 axb5 11. d5 b4 12. dxc6 bxc3 13. cxd7 Bxd7 14. bxc3 Nxe4 15. Bd3 Nc5 16. Bc2 Be6 17. a4 h6 18. Be3 Qc7 19. Qd2 Rfe8 20. Reb1 f5 21. Rb5 Ne4 22. Bxe4 fxe4 23. Nh2 Rec8 24. Bxh6 Qxc3 25. Qxc3 Rxc3 26. Rb7 Bf6 27. Bd2 Rc2 28. Nf1 d5 29. a5 Ra6 30. Rab1 d4 31. R7b6 Bc4 32. Rxa6 Bxa6 33. Bb4 Bg5 34. Bd6 e3 35. fxe3 dxe3 36. Bxe5 e2 37. Ng3 Be3+ 38. Kh2 Bf2 39. Nxe2 Bxe2 40. Rb7 g6 41. Rg7+ Kf8 42. Rxg6 Bd3 43. Rf6+ Ke7 44. a6 Be4 45. Rf4 Bd5 46. Rg4 Ke6 47. Bg3 Bc5 48. Bb8 Ra2 49. h4 Kf5 50. Rg5+ Ke6 51. Rg6+ Kf5 52. h5 Bd4 53. Bg3 Be4 54. Rd6 Rxg2+ 55. Kh3 Rd2 56. Rd8 Bg2+ 57. Kh4 Bf6# 0-1


[Site "https://www.chess.com"]

[Event "Titled Tuesday Blitz July 13 2021"]
[White "Djordjevic, Vuk"]
[Black "Gogolev, Artem"]
[WhiteFideId "902098"]
[BlackFideId "4116615"]
[WhiteElo "2463"]
[BlackElo "2191"]
[Result "1-0"]
[Round "05"]
[TimeControl "180+1"]
[Date "2021.07.13"]
[WhiteClock "0:02:33"]
[BlackClock "0:01:11"]

1. d4 Nf6 2. Bg5 c5 3. Bxf6 exf6 4. Nc3 d5 5. e3 Be6 6. Nf3 Nc6 7. Bb5 Bd6 8. O-O O-O 9. dxc5 Bxc5 10. Ba4 Qc7 11. Nxd5 Bxd5 12. Qxd5 Qb6 13. Bxc6 bxc6 14. Qc4 Rfd8 15. c3 a5 16. b3 Rd7 17. Rfd1 Rad8 18. Rxd7 Rxd7 19. Kf1 g5 20. Ke2 g4 21. Qxg4+ 1-0


[Site "https://www.chess.com"]

[Event "Titled Tuesday Blitz July 13 2021"]
[White "Doluhanova, Evgeniya"]
[Black "Sadovsky, Artem"]
[WhiteFideId "14112035"]
[BlackFideId "4155840"]
[WhiteElo "2134"]
[BlackElo "2442"]
[Result "0-1"]
[Round "05"]
[TimeControl "180+1"]
[Date "2021.07.13"]
[WhiteClock "0:00:18"]
[BlackClock "0:00:39"]

1. e4 g6 2. d4 Bg7 3. Nf3 d6 4. Nbd2 e5 5. dxe5 dxe5 6. Bb5+ c6 7. Bc4 Nd7 8. O-O Nc5 9. b4 Na4 10. c3 b5 11. Qb3 Qe7 12. Rd1 Nb6 13. Be2 Be6 14. c4 Rd8 15. Bb2 Nh6 16. Bxe5 Bxe5 17. Nxe5 Qc7 18. Qc3 Na4 19. Qe3 Qxe5 20. Qxh6 Nc3 21. Re1 Nxe2+ 22. Kf1 Rxd2 23. Qxd2 Bxc4 24. g3 Nxg3+ 25. Kg2 Nh5 26. Rad1 O-O 27. Re3 Nf4+ 28. Kg1 Qg5+ 29. Rg3 Ne2+ 30. Qxe2 Qxg3+ 31. hxg3 Bxe2 32. Rd6 Rc8 33. f4 Bc4 34. e5 Bxa2 35. Rd7 Ra8 36. Kf2 a5 37. bxa5 Rxa5 38. Ke3 Ra4 0-1


[Site "https://www.chess.com"]

[Event "Titled Tuesday Blitz July 13 2021"]
[White "Dushyant Sharma"]
[Black "Starozhilov, Leonid"]
[WhiteFideId "25065130"]
[BlackFideId "14106752"]
[WhiteElo "2019"]
[BlackElo "2414"]
[Result "0-1"]
[Round "05"]
[TimeControl "180+1"]
[Date "2021.07.13"]
[WhiteClock "0:00:05"]
[BlackClock "0:00:05"]

1. e4 g6 2. Nf3 Bg7 3. d4 d6 4. Nc3 Nf6 5. Be3 O-O 6. Qd2 Bg4 7. O-O-O Nc6 8. h3 Bxf3 9. gxf3 e5 10. d5 Nd4 11. Bxd4 exd4 12. Qxd4 Ng4 13. Qd2 Bh6 14. f4 Qf6 15. Ne2 Nxf2 16. Bg2 Rfe8 17. Kb1 Nxd1 18. Rxd1 Re7 19. Rf1 Rae8 20. Qd3 Qh4 21. a3 Bg7 22. Ng3 a6 23. Qb3 b5 24. Rf3 Rxe4 25. Nxe4 Rxe4 26. Re3 Rxe3 27. Qxe3 Bh6 28. Qe8+ Kg7 29. f5 Qf2 30. f6+ Qxf6 31. Qd7 Qf2 32. Qg4 f5 33. Qd1 Qxg2 34. Qd4+ Kf7 35. Qa7 Qf1+ 36. Ka2 Qc4+ 37. Kb1 Qc5 38. Qb7 Bf8 39. Qc8 Qxd5 40. Qxc7+ Be7 41. Qc8 f4 42. Qh8 f3 43. Qxh7+ Kf6 44. Qh8+ Ke6 45. Qg8+ Ke5 46. Qg7+ Bf6 47. Qxg6 Qd1+ 48. Ka2 Qd5+ 49. Kb1 Qe4 50. Qh5+ Qf5 51. Qe8+ Kf4 52. Qe1 Bd4 53. Qd2+ Be3 54. Qxd6+ Qe5 55. Qh6+ Kg3 56. Qg6+ Kh2 57. Qf7 f2 58. Qf3 Qf4 59. Qc6 f1=Q+ 60. Ka2 Qf7+ 61. Qc4 bxc4 0-1


[Site "https://www.chess.com"]

[Event "Titled Tuesday Blitz July 13 2021"]
[White "FGHSMN"]
[Black "David, Alexandru-Vasile"]
[BlackFideId "1223453"]
[WhiteElo "2503"]
[BlackElo "2393"]
[Result "0-1"]
[Round "05"]
[TimeControl "180+1"]
[Date "2021.07.13"]
[WhiteClock "0:00:03"]
[BlackClock "0:00:32"]

1. e4 c5 2. Nc3 e6 3. Nf3 Nc6 4. d4 cxd4 5. Nxd4 Nf6 6. Ndb5 Bc5 7. Bf4 O-O 8. Bc7 Qe7 9. Bd6 Bxd6 10. Qxd6 Qd8 11. Nc7 Rb8 12. Be2 b5 13. N3xb5 Nxe4 14. Qd3 d5 15. c4 a6 16. cxd5 exd5 17. Nxd5 Rxb5 18. Rd1 Nf6 19. Nxf6+ Qxf6 20. b3 Rd8 21. Qc2 Nd4 22. Qc7 Re5 23. Rxd4 Rxe2+ 24. Kxe2 Qxd4 25. f3 Qd2+ 26. Kf1 Re8 27. Qg3 Qd1+ 28. Kf2 Re2# 0-1


[Site "https://www.chess.com"]

[Event "Titled Tuesday Blitz July 13 2021"]
[White "Flores Quillas, Diego Saul Rodri"]
[Black "Lazavik, Denis"]
[WhiteFideId "3822508"]
[BlackFideId "13515110"]
[WhiteElo "2071"]
[BlackElo "2436"]
[Result "0-1"]
[Round "05"]
[TimeControl "180+1"]
[Date "2021.07.13"]
[WhiteClock "0:00:04"]
[BlackClock "0:00:28"]

1. e4 e5 2. Nf3 Nc6 3. c3 d5 4. Qa4 f6 5. d3 Ne7 6. Nbd2 g5 7. Be2 Bg7 8. b4 O-O 9. b5 Nb8 10. Bb2 Nd7 11. Qc2 Nc5 12. O-O Ne6 13. g3 dxe4 14. dxe4 Ng6 15. Nc4 g4 16. Nfd2 h5 17. Rfd1 Qe8 18. Ne3 Ng5 19. Ba3 Rf7 20. Bc4 Be6 21. Qb3 Bf8 22. Bxe6 Qxe6 23. Qxe6 Nxe6 24. Bxf8 Kxf8 25. Nb3 Ke8 26. Nd5 Rc8 27. Nb4 Ng5 28. Nd2 Rd8 29. Nc4 Nxe4 30. Rxd8+ Kxd8 31. Nd5 Rd7 32. Nce3 c6 33. bxc6 bxc6 34. Nb4 Kc7 35. c4 a5 36. Nbc2 Nf8 37. Kg2 Ne6 38. Rd1 Rxd1 39. Nxd1 Kd6 40. f3 N4g5 41. fxg4 hxg4 42. Nde3 Nd4 43. Nxd4 exd4 44. Nxg4 f5 45. h4 fxg4 46. hxg5 c5 47. Kf2 Ke6 48. Ke2 Kf5 49. Kd2 Kxg5 50. Ke2 Kf5 51. Kf2 Ke4 52. Ke2 0-1


[Site "https://www.chess.com"]

[Event "Titled Tuesday Blitz July 13 2021"]
[White "Gallegos Diaz, Carlos Alberto"]
[Black "Belyakov, Bogdan"]
[WhiteFideId "3900886"]
[BlackFideId "24104795"]
[WhiteElo "2362"]
[BlackElo "2407"]
[Result "0-1"]
[Round "05"]
[TimeControl "180+1"]
[Date "2021.07.13"]
[WhiteClock "0:00:35"]
[BlackClock "0:02:11"]

1. e4 e5 2. Nf3 Nc6 3. Bb5 Nf6 4. O-O Nxe4 5. d4 Nd6 6. Bxc6 dxc6 7. dxe5 Nf5 8. Qxd8+ Kxd8 9. Rd1+ Ke8 10. Nc3 Ne7 11. Bg5 Bg4 12. Rd3 h6 13. Bh4 Ng6 14. Bg3 Bf5 15. Rd2 Bb4 16. Nd4 Bxc3 17. bxc3 Ne7 18. f4 Rd8 19. Bf2 c5 20. Nf3 Rxd2 21. Nxd2 b6 22. Rc1 Nd5 23. Nb1 Nxf4 24. Kf1 Kd7 25. Be3 Nd5 26. Kf2 Kc6 27. a3 Re8 0-1


[Site "https://www.chess.com"]

[Event "Titled Tuesday Blitz July 13 2021"]
[White "Gelman, Alexander"]
[Black "Ashwin, Jayaram"]
[WhiteFideId "4118316"]
[BlackFideId "5018137"]
[WhiteElo "2375"]
[BlackElo "2461"]
[Result "1-0"]
[Round "05"]
[TimeControl "180+1"]
[Date "2021.07.13"]
[WhiteClock "0:00:16"]
[BlackClock "0:00:16"]

1. d4 Nf6 2. Nc3 d5 3. Bf4 a6 4. e3 c5 5. Nf3 Nc6 6. Ne5 e6 7. Nxc6 bxc6 8. Na4 cxd4 9. exd4 Be7 10. Bd3 O-O 11. c3 a5 12. Qe2 Nd7 13. h4 c5 14. h5 cxd4 15. cxd4 Bb4+ 16. Kf1 Nb6 17. Nc5 Nd7 18. Rc1 Bxc5 19. dxc5 e5 20. Bd2 f6 21. Rh3 Nb8 22. Rg3 Ba6 23. c6 Bxd3 24. Qxd3 Ra7 25. a3 a4 26. Bb4 Rff7 27. Qf5 Rfc7 28. Qe6+ Kh8 29. h6 gxh6 30. Be7 Rxe7 31. Qxf6+ 1-0


[Site "https://www.chess.com"]

[Event "Titled Tuesday Blitz July 13 2021"]
[White "Gusarov, Grigory"]
[Black "Pajeken, Jakob Leon"]
[WhiteFideId "24102172"]
[BlackFideId "12942839"]
[WhiteElo "2269"]
[BlackElo "2231"]
[Result "0-1"]
[Round "05"]
[TimeControl "180+1"]
[Date "2021.07.13"]
[WhiteClock "0:00:03"]
[BlackClock "0:01:04"]

1. d4 d5 2. c4 dxc4 3. Nf3 Nf6 4. e3 Bg4 5. Bxc4 e6 6. h3 Bh5 7. Nc3 a6 8. a4 Nc6 9. O-O Bd6 10. Qe2 O-O 11. Rd1 Qe8 12. g4 Nxg4 13. hxg4 Bxg4 14. Ne4 f5 15. Nxd6 cxd6 16. Kg2 Qg6 17. Kf1 Qh5 18. Bxe6+ Kh8 19. Ke1 Bxf3 20. Qc2 Rae8 21. Bb3 f4 22. Rd3 Nb4 23. Qc3 Nxd3+ 24. Qxd3 fxe3 25. Bxe3 Be4 26. Qf1 Qa5+ 27. Kd1 Bf3+ 28. Kc2 Rc8+ 29. Kb1 Qb4 30. Ka2 b5 31. Qh3 bxa4 32. Be6 d5 33. Rg1 Rc2 34. Bc1 Qb3+ 35. Ka1 a3 0-1


[Site "https://www.chess.com"]

[Event "Titled Tuesday Blitz July 13 2021"]
[White "Hansen, Sune Berg"]
[Black "Har-Zvi, Ronen"]
[WhiteFideId "1400266"]
[BlackFideId "2801485"]
[WhiteElo "2609"]
[BlackElo "2523"]
[Result "1-0"]
[Round "05"]
[TimeControl "180+1"]
[Date "2021.07.13"]
[WhiteClock "0:01:26"]
[BlackClock "0:01:32"]

1. e4 c5 2. Nc3 e6 3. Nf3 a6 4. d4 cxd4 5. Nxd4 d6 6. Bd3 Nf6 7. O-O Qc7 8. Kh1 b5 9. a3 Bb7 10. f4 Nbd7 11. Bd2 Be7 12. Qe2 O-O 13. Rf3 Nc5 14. Rh3 g6 15. f5 exf5 16. exf5 Rfe8 17. Rf1 Bf8 18. Qf2 Nxd3 19. cxd3 Bg7 20. Qh4 Qc5 21. fxg6 fxg6 22. Rxf6 Qh5 23. Qxh5 gxh5 24. Rxd6 Rad8 25. Rxd8 Rxd8 26. Ne6 1-0


[Site "https://www.chess.com"]

[Event "Titled Tuesday Blitz July 13 2021"]
[White "Hoffmann, Asa"]
[Black "Chen, Justin"]
[WhiteFideId "2001470"]
[BlackFideId "2098199"]
[WhiteElo "2117"]
[BlackElo "2652"]
[Result "1-0"]
[Round "05"]
[TimeControl "180+1"]
[Date "2021.07.13"]
[WhiteClock "0:00:51"]
[BlackClock "0:00:03"]

1. d4 d5 2. Bg5 Bf5 3. c4 c6 4. Nc3 h6 5. Bh4 Qb6 6. Qd2 e6 7. e3 Nd7 8. Nf3 Ngf6 9. a3 Ne4 10. Nxe4 Bxe4 11. Be2 dxc4 12. O-O Bd6 13. Bg3 Bxg3 14. hxg3 O-O 15. Bxc4 Rfd8 16. Qc3 Rac8 17. Rad1 c5 18. d5 exd5 19. Bxd5 Bxd5 20. Rxd5 Nf6 21. Rxd8+ Qxd8 22. Rc1 b6 23. Qc4 Qd6 24. Qf4 Rd8 25. Qxd6 Rxd6 26. Kf1 Kf8 27. Ke2 Ne4 28. Rc2 Ke7 29. Ne5 f6 30. Nc4 Rd7 31. g4 Ke6 32. f3 Nd6 33. Nxd6 Kxd6 34. f4 Kc6 35. g3 b5 36. Kf3 c4 37. a4 a6 38. axb5+ axb5 39. Ke4 Kc5 40. Kf5 b4 41. e4 b3 42. Re2 Kb4 43. e5 fxe5 44. fxe5 c3 45. bxc3+ Kxc3 46. e6 Re7 47. Ke5 b2 48. Re1 Kc2 49. Kd6 Re8 50. e7 b1=Q 51. Rxb1 Kxb1 52. Kd7 Ra8 53. e8=Q Rxe8 54. Kxe8 Kc2 55. Kf7 g5 56. Kg6 Kd3 57. Kxh6 1-0


[Site "https://www.chess.com"]

[Event "Titled Tuesday Blitz July 13 2021"]
[White "Horton, Andrew P"]
[Black "Rodriguez, Santiago"]
[WhiteFideId "424269"]
[BlackFideId "3000591"]
[WhiteElo "2401"]
[BlackElo "2256"]
[Result "1-0"]
[Round "05"]
[TimeControl "180+1"]
[Date "2021.07.13"]
[WhiteClock "0:00:03"]
[BlackClock "0:00:02"]

1. b3 Nf6 2. Bb2 g6 3. g3 Bg7 4. Bg2 O-O 5. Nf3 d6 6. O-O e5 7. c4 Nbd7 8. d4 e4 9. Ne1 h5 10. Nc3 Re8 11. Nc2 Nf8 12. Ne3 c6 13. d5 c5 14. Qc2 Qe7 15. Rae1 Bh6 16. Bc1 Bg7 17. f4 Ng4 18. Nxg4 hxg4 19. Nd1 f5 20. Bb2 Bd7 21. Bxg7 Qxg7 22. Ne3 b5 23. Rb1 b4 24. Qb2 a5 25. Qxg7+ Kxg7 26. a4 Nh7 27. h3 gxh3 28. Bxh3 Nf6 29. Kg2 Rh8 30. Rh1 Rh6 31. Kf2 Rah8 32. Bg2 Rxh1 33. Bxh1 g5 34. fxg5 Ng8 35. g4 f4 36. Ng2 Kg6 37. Nxf4+ Kxg5 38. Ke3 Nf6 39. Ne6+ Bxe6 40. dxe6 Rh3+ 41. Kd2 Nxg4 42. Bxe4 Nf6 43. Rg1+ Kf4 44. Bc6 Ke5 45. e7 Rh8 46. Rg3 Ke6 47. Re3+ Kf7 48. Kd3 Rc8 49. Bb5 d5 50. cxd5 1-0


[Site "https://www.chess.com"]

[Event "Titled Tuesday Blitz July 13 2021"]
[White "Howell, David W L"]
[Black "Pridorozhni, Aleksei"]
[WhiteFideId "410608"]
[BlackFideId "4127870"]
[WhiteElo "3012"]
[BlackElo "2882"]
[Result "1-0"]
[Round "05"]
[TimeControl "180+1"]
[Date "2021.07.13"]
[WhiteClock "0:00:52"]
[BlackClock "0:00:50"]

1. d4 d5 2. c4 e6 3. Nc3 c6 4. e4 dxe4 5. Nxe4 Bb4+ 6. Nc3 c5 7. Nf3 Nf6 8. Be3 Nc6 9. a3 Ba5 10. Rc1 O-O 11. dxc5 Qxd1+ 12. Kxd1 Ng4 13. b4 Nxe3+ 14. fxe3 Bd8 15. Kc2 Be7 16. Be2 a5 17. Kb3 axb4 18. axb4 b6 19. Nd4 Nxb4 20. cxb6 Bd7 21. Ndb5 Na6 22. Na4 Nc5+ 23. Nxc5 Bxc5 24. b7 Ra6 25. Ra1 Rb6 26. Bf3 Bxe3 27. Ra8 g6 28. Rha1 Bf4 29. g3 Be5 30. Rxf8+ Kxf8 31. Ra8+ Ke7 32. Kb4 Bxb5 33. cxb5 f5 34. Kc5 Bc7 35. Rc8 1-0


[Site "https://www.chess.com"]

[Event "Titled Tuesday Blitz July 13 2021"]
[White "Hryshchenko, Kamila"]
[Black "Rozhkov, Viacheslav"]
[WhiteFideId "14147491"]
[BlackFideId "4181484"]
[WhiteElo "1966"]
[BlackElo "2324"]
[Result "1-0"]
[Round "05"]
[TimeControl "180+1"]
[Date "2021.07.13"]
[WhiteClock "0:00:59"]
[BlackClock "0:00:05"]

1. e4 c5 2. Nf3 d6 3. Bb5+ Nd7 4. Bd3 a6 5. O-O e6 6. c3 b5 7. a4 Bb7 8. axb5 axb5 9. Rxa8 Bxa8 10. Re1 Ngf6 11. Bxb5 Bxe4 12. d3 Bb7 13. Ng5 Qb6 14. Qa4 h6 15. Ne4 Qc7 16. Bf4 Be7 17. Nbd2 O-O 18. Nc4 e5 19. Bc1 Nxe4 20. dxe4 Nf6 21. Nd2 Ra8 22. Qb3 Ra1 23. Bc4 Bf8 24. f3 Bc6 25. Qc2 g6 26. Nf1 Nh5 27. Bd2 Qa7 28. Qb3 Rxe1 29. Bxe1 Nf4 30. Bf2 Kg7 31. g3 Nh3+ 32. Kg2 Nxf2 33. Kxf2 Qd7 34. Bd5 f5 35. Ne3 Ba4 36. Qb8 f4 37. Nc4 fxg3+ 38. hxg3 Bc6 39. Nb6 Bxd5 40. Nxd7 1-0


[Site "https://www.chess.com"]

[Event "Titled Tuesday Blitz July 13 2021"]
[White "Iskusnyh, Sergei"]
[Black "Mikaelyan, Arman"]
[WhiteFideId "4120027"]
[BlackFideId "13304852"]
[WhiteElo "2492"]
[BlackElo "2461"]
[Result "1-0"]
[Round "05"]
[TimeControl "180+1"]
[Date "2021.07.13"]
[WhiteClock "0:00:33"]
[BlackClock "0:00:05"]

1. d4 Nf6 2. c4 g6 3. g3 Bg7 4. Bg2 c5 5. dxc5 Qa5+ 6. Nc3 O-O 7. Bd2 Qxc5 8. Rc1 Nc6 9. b3 d6 10. Nf3 Ng4 11. O-O Qh5 12. Nd5 e5 13. h3 Nh6 14. Ng5 Nd4 15. e3 Ne2+ 16. Kh1 Nxc1 17. Qxh5 gxh5 18. Rxc1 f6 19. Ne4 Rd8 20. Bb4 Nf7 21. Nexf6+ Bxf6 22. Nxf6+ Kg7 23. Nxh5+ Kh6 24. g4 a5 25. Bd2 a4 26. b4 a3 27. f4 Ra4 28. f5 1-0


[Site "https://www.chess.com"]

[Event "Titled Tuesday Blitz July 13 2021"]
[White "Janaszak, Dawid"]
[Black "Willow, Jonah B"]
[WhiteFideId "1119206"]
[BlackFideId "438804"]
[WhiteElo "2332"]
[BlackElo "2261"]
[Result "0-1"]
[Round "05"]
[TimeControl "180+1"]
[Date "2021.07.13"]
[WhiteClock "0:00:06"]
[BlackClock "0:00:15"]

1. d4 Nf6 2. Nf3 e6 3. Bg5 c5 4. e3 cxd4 5. exd4 b6 6. Nbd2 Bb7 7. Bd3 Be7 8. O-O O-O 9. Re1 d6 10. a4 a6 11. Qe2 Re8 12. c3 Nbd7 13. h3 Qc7 14. Bf4 Bf8 15. Bh2 e5 16. dxe5 dxe5 17. Ne4 Qc6 18. Qc2 g6 19. Nxf6+ Qxf6 20. Be4 Bxe4 21. Qxe4 Nc5 22. Qc2 e4 23. Nd4 Rac8 24. Bg3 h5 25. Qd2 h4 26. Bf4 Nd3 27. Bg5 Qe5 28. Re2 Nxb2 29. Bf4 Nc4 30. Qc1 Qc5 31. Bg5 Bg7 32. Bxh4 Bxd4 33. cxd4 Qxd4 34. Qe1 f5 35. Rd1 Qe5 36. Qb4 f4 37. Rc2 b5 38. axb5 axb5 39. g3 g5 40. gxf4 gxf4 41. Kh1 Rc7 42. Rg1+ Rg7 43. Rcc1 Qh5 44. Rxg7+ Kxg7 45. Rg1+ Kh7 46. Rg4 e3 47. Qc3 Rg8 48. f3 Rxg4 49. fxg4 Qxh4 50. Qd4 Qe1+ 51. Kh2 Qd2+ 0-1


[Site "https://www.chess.com"]

[Event "Titled Tuesday Blitz July 13 2021"]
[White "Jarovinsky, Alexey"]
[Black "Przybylski, Wojciech"]
[WhiteFideId "14115131"]
[BlackFideId "1117599"]
[WhiteElo "2446"]
[BlackElo "2317"]
[Result "1/2-1/2"]
[Round "05"]
[TimeControl "180+1"]
[Date "2021.07.13"]
[WhiteClock "0:00:04"]
[BlackClock "0:00:03"]

1. Nc3 e5 2. Nf3 Nc6 3. d4 exd4 4. Nxd4 Nf6 5. Bg5 h6 6. Bxf6 Qxf6 7. Ndb5 Qd8 8. Nd5 Bb4+ 9. Nxb4 Nxb4 10. Qd2 Nc6 11. Qe3+ Kf8 12. O-O-O d6 13. f4 a6 14. Nc3 b5 15. g3 b4 16. Nd5 Ne7 17. Bg2 Bb7 18. Bf3 Bxd5 19. Bxd5 Nxd5 20. Rxd5 Qe7 21. Qd2 Qe4 22. Re1 a5 23. Rd4 Qg2 24. e4 Qxd2+ 25. Kxd2 h5 26. e5 Ra6 27. exd6 Rxd6 28. Rxd6 cxd6 29. Kd3 h4 30. g4 h3 31. Ke4 Ke7 32. Kf3+ Kd7 33. Kg3 d5 34. Re2 Kd6 35. g5 a4 36. Kg4 g6 37. Re3 Rc8 38. c3 a3 39. cxb4 axb2 40. Rb3 Rc2 41. b5 Kc7 42. b6+ Kb7 43. a4 Rxh2 44. a5 b1=Q 45. Rxb1 Ra2 46. Kxh3 Rxa5 47. Kg4 Ra6 48. Rb5 Rxb6 49. Rxd5 Kc7 50. Rd2 Rd6 51. Ra2 Kd7 52. Ra7+ Ke6 53. Rb7 Rc6 54. Rb5 Ra6 55. Re5+ Kd6 56. Re4 Kd7 57. Rd4+ Ke7 58. Rd3 Ra1 59. Kf3 Ra4 60. Re3+ Kf8 61. Re4 Ra1 62. Rd4 Rb1 63. Ke4 Re1+ 64. Kd5 Ke7 65. Re4+ Rxe4 66. Kxe4 Ke6 67. f5+ gxf5+ 68. Kf4 Ke7 69. Kxf5 Ke8 70. Ke5 Ke7 71. Kf5 Ke8 72. Kf6 Kf8 73. Kf5 Ke7 74. Kg4 Ke6 75. Kh5 Kf5 76. Kh6 Kg4 77. g6 fxg6 78. Kxg6 1/2-1/2


[Site "https://www.chess.com"]

[Event "Titled Tuesday Blitz July 13 2021"]
[White "Khusnutdinov, Rustam"]
[Black "Tejedor Fuente, Enrique"]
[WhiteFideId "13701703"]
[BlackFideId "2299100"]
[WhiteElo "2571"]
[BlackElo "2535"]
[Result "1-0"]
[Round "05"]
[TimeControl "180+1"]
[Date "2021.07.13"]
[WhiteClock "0:00:55"]
[BlackClock "0:00:02"]

1. d4 d5 2. c4 e6 3. Nf3 Nf6 4. g3 Bb4+ 5. Bd2 Bxd2+ 6. Qxd2 O-O 7. Bg2 Ne4 8. Qc2 c6 9. O-O b6 10. Nbd2 Nxd2 11. Nxd2 Bb7 12. e4 dxc4 13. Nxc4 Qxd4 14. Rfd1 Qc5 15. Rac1 Na6 16. Nd6 Qxc2 17. Rxc2 Rab8 18. e5 Rfd8 19. a3 c5 20. Rcd2 Bxg2 21. Kxg2 Nc7 22. Nxf7 Rd5 23. Rxd5 exd5 24. Nd6 d4 25. f4 Kf8 26. Kf3 Ke7 27. Ke4 h5 28. f5 Ne8 29. Nc4 Rc8 30. a4 Nc7 31. Nd6 Rd8 32. b4 Na6 33. bxc5 Nxc5+ 34. Kxd4 Nb7 35. Kc4 Nxd6+ 36. Rxd6 Rxd6 37. exd6+ Kxd6 38. Kb5 Kc7 39. Ka6 Kc6 40. h3 Kc5 41. g4 h4 42. g5 Kd6 43. Kxa7 Ke5 44. Kxb6 Kxf5 45. a5 Kf4 46. a6 Kg3 47. a7 Kxh3 48. a8=Q Kh2 49. Qf3 h3 50. g6 Kg1 1-0


[Site "https://www.chess.com"]

[Event "Titled Tuesday Blitz July 13 2021"]
[White "Kotepalli, Sai Nirupama"]
[Black "Costachi, Mihnea"]
[WhiteFideId "5039444"]
[BlackFideId "1217518"]
[WhiteElo "2451"]
[BlackElo "2482"]
[Result "1/2-1/2"]
[Round "05"]
[TimeControl "180+1"]
[Date "2021.07.13"]
[WhiteClock "0:00:04"]
[BlackClock "0:00:25"]

1. e4 c5 2. Nf3 Nc6 3. d3 g6 4. g3 Bg7 5. Bg2 e5 6. O-O d6 7. c3 h6 8. a3 Nge7 9. b4 O-O 10. Nbd2 f5 11. Qb3+ Kh7 12. Nh4 f4 13. h3 g5 14. Nf5 Nxf5 15. exf5 Bxf5 16. bxc5 Bxd3 17. Re1 Na5 18. Qd5 dxc5 19. Qxc5 Rc8 20. Qxa7 Rxc3 21. Ne4 Rc2 22. Rd1 f3 23. Bf1 Bxe4 24. Rxd8 Rxd8 25. Qxa5 Rd1 26. Bb2 Rxf1+ 27. Rxf1 Rxb2 28. Qc3 Rc2 29. Qb3 Re2 30. a4 Bc6 31. a5 e4 32. Qe6 e3 33. fxe3 Rg2+ 34. Kh1 Rxg3 35. a6 g4 36. Qxc6 Rxh3+ 37. Kg1 Rg3+ 38. Kh1 Rh3+ 39. Kg1 bxc6 40. a7 Rg3+ 41. Kh1 Be5 42. a8=Q Rh3+ 43. Kg1 Bh2+ 44. Kf2 Bg3+ 45. Kg1 Bh2+ 46. Kf2 Be5 47. Qb7+ Kg6 48. Qxc6+ Kg5 49. Qd5 Rh2+ 50. Ke1 Kf6 51. Qc6+ Kf5 52. Qd7+ Ke4 53. Qxg4+ Kd3 54. Qxf3 Bc3+ 55. Kd1 Rd2+ 56. Kc1 Rc2+ 57. Kb1 Rb2+ 58. Kc1 Rc2+ 59. Kd1 Rd2+ 60. Kc1 Rc2+ 1/2-1/2


[Site "https://www.chess.com"]

[Event "Titled Tuesday Blitz July 13 2021"]
[White "Krivonosov, Oleg"]
[Black "Deviprasath, Sharvesh"]
[WhiteFideId "11600349"]
[BlackFideId "30938228"]
[WhiteElo "2469"]
[BlackElo "2102"]
[Result "1-0"]
[Round "05"]
[TimeControl "180+1"]
[Date "2021.07.13"]
[WhiteClock "0:01:36"]
[BlackClock "0:00:32"]

1. Nf3 Nf6 2. c4 g6 3. Nc3 Bg7 4. e4 O-O 5. d4 d6 6. Be2 Nbd7 7. O-O e5 8. Re1 Re8 9. Bf1 a6 10. Rb1 exd4 11. Nxd4 Nc5 12. f3 Nh5 13. Be3 Be5 14. Qd2 Qh4 15. g3 Nxg3 16. hxg3 Bxg3 17. Re2 Re5 18. Rh2 Bxh2+ 19. Qxh2 Qd8 20. Qg3 Bd7 21. Rd1 b5 22. b4 Ne6 23. Nxe6 Bxe6 24. c5 1-0


[Site "https://www.chess.com"]

[Event "Titled Tuesday Blitz July 13 2021"]
[White "Kukhmazov, Arsen"]
[Black "Nabaty, Tamir"]
[WhiteFideId "24108260"]
[BlackFideId "2809052"]
[WhiteElo "2453"]
[BlackElo "2627"]
[Result "0-1"]
[Round "05"]
[TimeControl "180+1"]
[Date "2021.07.13"]
[WhiteClock "0:00:06"]
[BlackClock "0:00:06"]

1. b3 Nf6 2. Bb2 g6 3. g3 Bg7 4. Bg2 O-O 5. Nf3 d5 6. O-O c5 7. e3 Nc6 8. Qe2 Qc7 9. c4 dxc4 10. bxc4 Bf5 11. Nc3 Rfd8 12. e4 Bg4 13. Qe3 Nd4 14. Nb5 Nxb5 15. cxb5 Bxf3 16. Bxf3 Ne8 17. Bxg7 Nxg7 18. Rac1 Ne6 19. Bg4 Nd4 20. h4 b6 21. h5 Nxb5 22. Kg2 Nd4 23. Rh1 Qe5 24. f4 Qg7 25. e5 Rd5 26. h6 Qf8 27. Qe4 Rad8 28. d3 e6 29. Bd1 Nf5 30. Rc3 Rd4 31. Qf3 Nxh6 32. g4 Qg7 33. Qh3 Rxf4 34. Qxh6 Qxh6 35. Rxh6 Rd5 36. Bf3 Rxe5 37. Rh3 Ra4 38. Rc2 Rd4 39. Rd2 Re3 40. Bc6 Rxh3 41. Kxh3 Kg7 42. Kg3 f5 43. gxf5 exf5 44. Bb5 g5 45. Re2 Kf6 46. Re8 h5 47. Rf8+ Ke5 48. Re8+ Kd6 49. Rd8+ Ke7 50. Re8+ Kf7 51. Ra8 h4+ 52. Kg2 g4 53. Rxa7+ Kf6 54. Rh7 Kg5 55. Rg7+ Kf4 56. Rf7 Rd6 57. a4 h3+ 58. Kh2 Re6 59. Bd7 Re2+ 60. Kg1 Kg3 61. Kf1 Rf2+ 62. Ke1 h2 63. Bc6 Rg2 64. Rh7 Rg1+ 65. Ke2 f4 0-1


[Site "https://www.chess.com"]

[Event "Titled Tuesday Blitz July 13 2021"]
[White "Le, Tuan Minh"]
[Black "Nakamura, Hikaru"]
[WhiteFideId "12401153"]
[BlackFideId "2016192"]
[WhiteElo "2929"]
[BlackElo "3229"]
[Result "1/2-1/2"]
[Round "05"]
[TimeControl "180+1"]
[Date "2021.07.13"]
[WhiteClock "0:01:15"]
[BlackClock "0:00:58"]

1. d4 f5 2. Nc3 Nf6 3. Bg5 d5 4. Bxf6 exf6 5. e3 c6 6. Bd3 Bd6 7. Qf3 g6 8. Nge2 Nd7 9. h4 h5 10. Nf4 Nf8 11. O-O-O Be6 12. Nxe6 Nxe6 13. Ne2 b5 14. g3 Kf7 15. Nf4 Nc7 16. Rdg1 Bxf4 17. gxf4 Rh6 18. Rg3 Ne8 19. Rhg1 Nd6 20. Qg2 Qg8 21. Be2 Ne4 22. Rh3 Re8 23. Bf3 Nd6 24. Rg3 Ne4 25. Rh3 Nd6 26. Rg3 Ne4 27. Rh3 1/2-1/2


[Site "https://www.chess.com"]

[Event "Titled Tuesday Blitz July 13 2021"]
[White "Lu, Jason"]
[Black "Wagner, Dinara"]
[WhiteFideId "30938040"]
[BlackFideId "24157570"]
[WhiteElo "2355"]
[BlackElo "2260"]
[Result "0-1"]
[Round "05"]
[TimeControl "180+1"]
[Date "2021.07.13"]
[WhiteClock "0:00:04"]
[BlackClock "0:00:08"]

1. e4 c5 2. Nf3 d6 3. d4 cxd4 4. Nxd4 Nf6 5. Nc3 a6 6. h3 e6 7. g4 h6 8. Bg2 g5 9. Be3 Nbd7 10. a4 Ne5 11. Qe2 Qc7 12. O-O Be7 13. a5 Bd7 14. Kh1 Nc4 15. Bc1 Nxa5 16. f4 gxf4 17. Bxf4 e5 18. Nd5 Nxd5 19. exd5 exd4 20. Rfe1 Bb5 21. Qe4 Nc4 22. Qxd4 O-O-O 23. b3 Bg5 24. bxc4 Qxc4 25. Qxc4+ Bxc4 26. Bxg5 hxg5 27. Re7 Rd7 28. Rae1 Rhd8 29. R7e3 Rc7 30. Re7 Rxe7 31. Rxe7 Rd7 32. Re8+ Kc7 33. Rg8 f6 34. Rf8 Re7 35. Rxf6 a5 36. Rf5 a4 37. Rf3 Re1+ 38. Kh2 b5 39. h4 gxh4 40. g5 Re2 41. Rc3 Kb6 42. g6 Bxd5 0-1


[Site "https://www.chess.com"]